 Dungeon Crawl Stone Soup version 0.30.0-17-ge0270778cf (webtiles) character file.

Game seed: 8289658278806243573

8109 monsoonserge the Destroyer (level 11, -5/55 HPs)
             Began as a Deep Elf Monk on May 21, 2023.
             Was a High Priest of Vehumet.
             Slain by a boulder beetle (18 damage)
             ... on level 10 of the Dungeon.
             The game lasted 00:56:18 (10800 turns).

monsoonserge the Destroyer (Deep Elf Monk)         Turns: 10800, Time: 00:56:19

Health: -5/55      AC:  6    Str:  4 (7)  XL:     11   Next: 5%
Magic:  8/25       EV: 16    Int: 22 (25) God:    Vehumet [*****.]
Gold:   721        SH:  5    Dex: 25 (27) Spells: 2/27 levels left

rFire   . . .        l - +1 dagger (venom)
rCold   . . .        d - orb {light}
rNeg    . . .        g - +0 troll leather armour
rPois   .            w - +0 helmet
rElec   .            (no cloak)
rCorr   .            (no gloves)
SInv    .            (no boots)
Will    +....        A - amulet of reflection
Stlth   +            r - +6 ring of intelligence
HPRegen 1.09/turn    E - +6 ring of dexterity
MPRegen 0.19/turn

%: reflection
@: very slightly contaminated, glowing
A: agile 1, frail 1
a: Renounce Religion


You were on level 10 of the Dungeon.
You worshipped Vehumet.
Vehumet was extremely pleased with you.
You visited 2 branches of the dungeon, and saw 12 of its levels.

You collected 721 gold pieces.

Inventory:

Hand Weapons
 k - a +2 dagger of protection
 l - a +1 dagger of venom (weapon)
 x - a +0 dagger of draining
 y - a +2 hand axe of electrocution
 J - a +3 sling of flaming
 O - a +2 short sword of holy wrath
 T - a +2 heavy war axe
Missiles
 e - 2 curare-tipped darts
 z - 48 poisoned darts (quivered)
 B - 3 silver boomerangs
 G - 4 throwing nets
Armour
 d - an orb of light (worn)
 g - a +0 troll leather armour (worn)
 w - a +0 helmet (worn)
 H - the -1 pair of gloves of the Lute {rF+++ rC- Str+2 Dex+3}
   (You found it on level 10 of the Dungeon)

   Str:       It affects your strength (+2).
   Dex:       It affects your dexterity (+3).
   rF:        It renders you almost immune to fire.
   rC:        It makes you vulnerable to cold.
Magical Staves
 L - a staff of air
 P - a staff of fire
Jewellery
 r - a +6 ring of intelligence (left hand)
 A - an amulet of reflection (around neck)
 E - a +6 ring of dexterity (right hand)
 U - a ring of wizardry
Wands
 I - a wand of roots (17)
 K - a wand of charming (6)
 R - a wand of polymorph (3)
Scrolls
 f - 10 scrolls of identify {unknown}
 h - 2 scrolls of enchant armour {unknown}
 i - 7 scrolls of teleportation {unknown}
 j - 2 scrolls of poison {unknown}
 p - 2 scrolls of immolation {unknown}
 s - 2 scrolls of fog {unknown}
 t - 4 scrolls of blinking {unknown}
 v - 5 scrolls of noise {unknown}
 C - 3 scrolls of fear {unknown}
 D - 2 scrolls of brand weapon {unknown}
 N - a scroll of amnesia {unknown}
Potions
 a - 2 potions of berserk rage {unknown}
 c - a potion of ambrosia
 m - 2 potions of curing
 n - 2 potions of mutation
 o - 2 potions of flight {unknown}
 q - 3 potions of lignification {unknown}
 u - a potion of attraction {unknown}
 F - 3 potions of brilliance
 M - 2 potions of might {unknown}
 Q - 2 potions of magic {unknown}
 S - a potion of heal wounds {unknown}


   Skills:
 + Level 4.5 Fighting
 + Level 7.2 Short Blades
 + Level 3.4 Ranged Weapons
 + Level 4.8 Armour
 + Level 7.1 Dodging
 - Level 1.0 Stealth
 - Level 1.0 Shields
 * Level 8.7 Spellcasting
 + Level 10.2 Conjurations
 - Level 2.0 Hexes
 + Level 2.0 Transmutations
 * Level 4.1 Fire Magic


You had 2 spell levels left.
You knew the following spells:

 Your Spells              Type           Power      Damage    Failure   Level
a - Magic Dart            Conj           100%       1d8       1%          1
b - Dazzling Flash        Conj/Hex       72%        N/A       1%          3
c - Iskenderun's Battles  Conj           53%        2d10      1%          5
d - Fireball              Conj/Fire      20%        3d10      4%          5
e - Irradiate             Conj/Tmut      18%        3d17      7%          5
f - Starburst             Conj/Fire      20%        6d7       24%         6

Your spell library contained the following spells:

 Spells                   Type           Power      Damage    Failure   Level
 Static Discharge         Conj/Air       64%        2-5/arc   1%          2
 Sandblast                Erth           18%        2d7       3%          1
 Poisonous Vapours        Pois/Air       18%        N/A       4%          2
 Sting                    Tmut/Pois      56%        1d5       8%          1
 Passwall                 Tmut/Erth      11%        N/A       12%         2
 Sublimation of Blood     Necr           9%         N/A       17%         2
 Stone Arrow              Conj/Erth      64%        3d11      1%          3
 Summon Guardian Golem    Hex/Summ       14%        N/A       22%         3
 Airstrike                Air            4%         2d(1-17)  28%         4
 Olgreb's Toxic Radiance  Pois           9%         N/A       28%         4
 Orb of Destruction       Conj           26%        9d9       34%         7
 Conjure Ball Lightning   Conj/Air       16%        3x3d6     45%         6
 Petrify                  Tmut/Erth      14%        N/A       58%         4
 Summon Lightning Spire   Summ/Air       9%         N/A       75%         4
 Summon Cactus Giant      Summ           4%         N/A       100%        6
 Monstrous Menagerie      Summ           4%         N/A       100%        7


Dungeon Overview and Level Annotations

Branches:
Dungeon (11/15)            Temple (1/1) D:7             Orc (0/2) D:11
   Lair: D:8-11

Altars:
Ashenzari
Cheibriados
Dithmenos
Elyvilon
Fedhas
Gozag
Hepliaklqana
Kikubaaqudgha
Makhleb
Nemelex Xobeh
Okawaru
Qazlal
Ru
Sif Muna
Trog
Uskayaw
Vehumet
Xom
Yredelemnul
Zin
The Shining One

Shops:
D:6 [   D:10 *


Innate Abilities, Weirdness & Mutations

You are agile. (Dex +4, Str/Int -1)
You are frail. (-10% HP)


Message History

The boulder beetle misses you.
You hit the boulder beetle but do no damage.
The boulder beetle is poisoned.
The boulder beetle is moderately wounded.
The boulder beetle bites you!!
You hit the boulder beetle but do no damage.
The boulder beetle looks as sick as possible!
The boulder beetle is moderately wounded.
You hit the boulder beetle but do no damage.
The boulder beetle looks as sick as possible!
The boulder beetle is moderately wounded.
The boulder beetle bites you.
You catch the helpless boulder beetle completely off-guard!
You puncture the boulder beetle!
The boulder beetle looks as sick as possible!
The boulder beetle is severely wounded.
You hit the boulder beetle but do no damage.
The boulder beetle looks as sick as possible!
The boulder beetle is severely wounded.
The boulder beetle closely misses you.
You hit the boulder beetle but do no damage.
The boulder beetle is severely wounded.
The boulder beetle bites you!!
* * * LOW HITPOINT WARNING * * *
Casting: Magic Dart (safe; 1% risk of failure)
Confirm with . or Enter, or press ? or * to list all spells.
Okay, then.
Casting: Magic Dart (safe; 1% risk of failure)
Confirm with . or Enter, or press ? or * to list all spells.
The spell is quite dangerous to miscast (7% risk of failure)!
Continue anyway?
You erupt in a fountain of uncontrolled magic!
The boulder beetle is blasted with magical radiation!
The boulder beetle is severely wounded.
You are very lightly contaminated with residual magic.
The boulder beetle is no longer blind.
Your battlesphere fires!
The barrage of energy hits the boulder beetle.
The boulder beetle is almost dead.
The boulder beetle bites you!!
You die...

#.## #......# #### #.
###'###########... #+
#...)......##.....
#.[[.......'..#...
........#
#..*.......####...
P.......# #..........# #...
........# #..........# #...
.8......# ###B..)......#
#... ....°...#
##.'@.........# #...
........#####..#..........#
#(..
........#.....##..........#
#...
.......>'.######..........#
#... ........###
#..........# #... ........#
#..........# #... #..8..#.#
############ #### #.....#.#
#.......#


You could see a boulder beetle (extremely poisoned, ally target) and a friendly
battlesphere.

Vanquished Creatures
  Joseph (D:7)
  2 kobold demonologists (D:11)
  2 trolls (D:9)
  Prince Ribbit (D:5)
  A shadow (D:10)
  2 wraiths
  4 vampires
  4 yaks
  A steam dragon (D:8)
  2 acid dragons
  4 water moccasins
  An orc warrior (D:10)
  2 ice beasts
  2 black bears (D:5)
  A sky beast (D:6)
  A centaur (D:10)
  4 ogres (D:6)
  2 phantoms (D:6)
  4 kobold brigands
  3 bullfrogs
  A gnoll sergeant (D:5)
  3 scorpions
  10 killer bees
  2 howler monkeys
  An electric eel (D:6)
  3 centaur zombies (D:10)
  7 orc priests
  3 gnoll boudas
  3 hounds (D:5)
  A jelly (D:6)
  Jessica (D:2)
  7 orc wizards
  A howler monkey zombie (D:10)
  Robin (D:3)
  8 adders
  19 gnolls
  3 shadow imps (D:6)
  2 ufetubi
  A worm (D:3)
  A dart slug (D:1)
  29 orcs
  11 ball pythons
  5 bats
  6 endoplasms
  4 giant cockroaches
  10 goblins
  7 hobgoblins
  3 jackals (D:3)
  5 quokkas
  4 frilled lizards
  22 kobolds
  8 rats
236 creatures vanquished.

Vanquished Creatures (others)
  A kobold demonologist (D:10)
1 creature vanquished.

Grand Total: 237 creatures vanquished

Notes
Turn   | Place    | Note
-------+----------+-------------------------------------------
     0 | D:1      | monsoonserge the Deep Elf Monk began the quest for the Orb.
     0 | D:1      | Reached XP level 1. HP: 13/13 MP: 3/3
   183 | D:1      | Reached XP level 2. HP: 18/18 MP: 4/4
   183 | D:1      | Found a faded altar of an unknown god.
   194 | D:1      | Prayed at the altar of an unknown god.
   194 | D:1      | Became a worshipper of Vehumet
   194 | D:1      | Reached * piety under Vehumet
   194 | D:1      | Offered knowledge of Magic Dart by Vehumet.
   194 | D:1      | Reached ** piety under Vehumet
   197 | D:1      | Learned a level 1 spell: Magic Dart
   214 | D:1      | Offered knowledge of Poisonous Vapours by Vehumet.
   429 | D:1      | Reached *** piety under Vehumet
   429 | D:1      | Offered knowledge of Ignite Poison by Vehumet.
   691 | D:1      | Reached skill level 1 in Spellcasting
   698 | D:1      | Reached XP level 3. HP: 18/22 MP: 6/6
  1294 | D:2      | Offered knowledge of Dazzling Flash by Vehumet.
  1324 | D:2      | Learned a level 3 spell: Dazzling Flash
  1390 | D:2      | Reached XP level 4. HP: 27/27 MP: 7/9
  1496 | D:2      | Reached skill level 1 in Armour
  1507 | D:2      | Noticed Jessica
  1514 | D:2      | Killed Jessica
  1515 | D:2      | Reached skill level 1 in Conjurations
  1862 | D:3      | Reached **** piety under Vehumet
  2032 | D:3      | Reached skill level 1 in Hexes
  2052 | D:3      | Reached XP level 5. HP: 31/31 MP: 11/11
  2149 | D:3      | Offered knowledge of Stone Arrow by Vehumet.
  2667 | D:3      | Noticed Robin
  2690 | D:3      | Killed Robin
  3863 | D:5      | Entered Level 5 of the Dungeon
  3948 | D:5      | Noticed a phantom
  3966 | D:5      | Noticed Prince Ribbit
  3976 | D:6      | Killed a phantom
  3977 | D:6      | Reached skill level 1 in Stealth
  3977 | D:6      | Reached skill level 2 in Conjurations
  3977 | D:6      | Reached XP level 6. HP: 31/36 MP: 12/12
  4241 | D:6      | Reached XP level 7. HP: 35/40 MP: 13/13
  4344 | D:6      | Reached skill level 5 in Dodging
  4388 | D:6      | Reached ***** piety under Vehumet
  4389 | D:6      | Reached skill level 3 in Conjurations
  4408 | D:6      | Reached skill level 5 in Short Blades
  4540 | D:5      | Offered knowledge of Eringya's Noxious Bog by Vehumet.
  4552 | D:5      | Reached XP level 8. HP: 32/46 MP: 8/14
  4558 | D:5      | Learned a level 5 spell: Iskenderun's Battlesphere
  4731 | D:5      | Killed Prince Ribbit
  4732 | D:5      | Reached skill level 4 in Conjurations
  4827 | D:5      | Found a basalt altar of Yredelemnul.
  4850 | D:5      | Reached skill level 1 in Shields
  4979 | D:5      | Found a shimmering altar of Xom.
  5178 | D:5      | Reached skill level 5 in Conjurations
  5533 | D:6      | Reached skill level 6 in Conjurations
  5710 | D:6      | Found a broken altar of Ashenzari.
  5710 | D:6      | Found a bloodstained altar of Trog.
  5753 | D:6      | Reached XP level 9. HP: 51/51 MP: 11/17
  5759 | D:6      | Learned a level 5 spell: Fireball
  5833 | D:6      | Reached skill level 1 in Fire Magic
  6001 | D:6      | Reached skill level 5 in Spellcasting
  6149 | D:6      | Found Kuol's Armour Emporium.
  6338 | D:7      | Noticed Joseph
  6346 | D:7      | Reached skill level 7 in Conjurations
  6346 | D:7      | Killed Joseph
  6449 | D:7      | Found a staircase to the Ecumenical Temple.
  6457 | D:7      | Got the Elucidation of Command
  6465 | Temple   | Entered the Ecumenical Temple
  6838 | D:7      | Found a glowing silver altar of Zin.
  7054 | D:7      | Reached skill level 1 in Ranged Weapons
  7491 | D:8      | Reached skill level 8 in Conjurations
  7785 | D:8      | Found a white marble altar of Elyvilon.
  8229 | D:8      | Reached XP level 10. HP: 56/56 MP: 11/20
  8709 | D:9      | Found an ancient bone altar of Kikubaaqudgha.
  9405 | D:10     | Entered Level 10 of the Dungeon
  9414 | D:10     | Identified the -1 pair of gloves of the Lute {rF+++ rC-
                  | Str+2 Dex+3}
  9452 | D:10     | Reached skill level 9 in Conjurations
  9673 | D:10     | Found Arhius's Changing Room.
  9756 | D:10     | Learned a level 5 spell: Irradiate
  9892 | D:10     | Offered knowledge of Starburst by Vehumet.
  9991 | D:10     | Reached skill level 1 in Transmutations
 10244 | D:11     | Noticed a rust devil
 10248 | D:11     | Found a staircase to the Orcish Mines.
 10259 | D:11     | Noticed an orange demon
 10262 | D:11     | Reached skill level 10 in Conjurations
 10278 | D:11     | Learned a level 6 spell: Starburst
 10338 | D:10     | Noticed a boulder beetle
 10349 | D:10     | HP: 2/58 [boulder beetle (5)]
 10353 | D:10     | Gained mutation: You are frail. (-10% HP) [potion of
                  | mutation]
 10353 | D:10     | Gained mutation: You are agile. (Dex +4, Str/Int -1)
                  | [potion of mutation]
 10563 | D:9      | Found a sacrificial altar of Ru.
 10593 | D:10     | Reached XP level 11. HP: 55/55 MP: 18/25
 10800 | D:10     | Slain by a boulder beetle

Illustrated notes

Levels and vault maps discovered:
D:1:      amcnicky_arrival_single_pillar, layout_basic,
          ebering_ecumenical_altar_webs, minmay_misc_feat_rows
D:2:      layout_rooms, uniq_jessica
D:3:      layout_loops_corners, uniq_robin
D:4:      layout_layer_cave
D:5:      layout_cave_pools, mainiacjoe_overflow_two_lobes, uniq_prince_ribbit1
D:6:      layout_rooms, nicolae_overflow_two_pavilions, serial_shops,
          kennysheep_mini, minmay_misc_feat_alley,
          chequers_serial_rivers_room_b, wad_rectangle_vault
D:7:      layout_rooms, mainiacjoe_overflow_cross_hatched,
          minmay_temple_entry_sparse_star, minmay_misc_feat_tower,
          bh_walls_and_bars, uniq_joseph
D:8:      layout_layer_cave, mainiacjoe_overflow_alcove_2
D:9:      layout_cross, nicolae_overflow_hidden_temple,
          mainiacjoe_overflow_concentric_impassable
D:10:     layout_roguey, mainiacjoe_overflow_brackets, serial_undead,
          serial_undead_d, serial_undead_f, serial_undead_e, serial_undead_d,
          nicolae_transmutations_shop, kennysheep_crisscross,
          minmay_misc_feat_doors
D:11:     minmay_the_grid_octo_tiled_octocenter_mashed
          [minmay_the_grid_octo_vomiting_pacman, minmay_the_grid_octo_focus,
          minmay_the_grid_octo_checkerflower,
          minmay_the_grid_octo_tetromino_candy,
          minmay_the_grid_octo_prize_ultimate_mussel_roller,
          minmay_the_grid_square_5x5_three,
          minmay_the_grid_square_5x5_hourglass,
          minmay_the_grid_square_5x5_detours,
          minmay_the_grid_square_5x5_minivault], layout_basic, ebering_ghost_xom
Temple:   nicolae_temple_figure_eight

Skill      XL: |  1  2  3  4  5  6  7  8  9 10 |
---------------+-------------------------------+-----
Dodging        | 4 5 6 7 |  7.1
Spellcasting   | 1 2 3 4 5 8 |  8.7
Armour         | 1 2 3 4 |  4.8
Conjurations   | 1 2 3 6 8 10 | 10.2
Hexes          | 1 2 |  2.0
Short Blades   | 4 5 6 7 |  7.2
Stealth        | 1 |  1.0
Fighting       | 3 4 |  4.5
Shields        | 1 |  1.0
Fire Magic     | 3 4 |  4.1
Ranged Weapons | 1 3 |  3.4
Transmutations | 2 |  2.0

Action                     |  1- 3 |  4- 6 |  7- 9 | 10-12 || total
---------------------------+-------+-------+-------+-------++-------
  Melee: Short sword       |    62 |       |     3 |    17 ||    82
         Dagger            |    22 |   171 |   172 |     8 ||   373
   Fire: Sling             |       |       |     8 |       ||     8
  Throw: Dart              |       |     1 |       |       ||     1
   Cast: Magic Dart        |    37 |    36 |   120 |    87 ||   280
         Dazzling Flash    |       |    11 |    18 |     2 ||    31
         Iskenderun's Batt |       |       |    22 |    19 ||    41
         Fireball          |       |       |     3 |     6 ||     9
         Irradiate         |       |       |       |     8 ||     8
    Use: Potion            |       |       |       |     4 ||     4
   Stab: Invisible         |       |     3 |    16 |     1 ||    20
 Armour: Robe              |     3 |       |       |       ||     3
         Troll leather arm |    12 |    31 |    22 |    15 ||    80
  Dodge: Dodged            |    45 |   101 |   142 |    44 ||   332
  Block: Orb               |       |       |    49 |    10 ||    59
         Reflection        |       |       |     1 |     1 ||     2
